Map: Prion Terraces

Players

juhyg

  • Race: Zerg Zerg
  • League: Bronze

LOADING - Winner!

  • Race: Zerg Zerg
  • League: Silver

VOD

Have the link to the VOD?

Description

Time

  • Played on: Feb. 5, 2016, 5:09 p.m.
  • Length: 6:34
Show
View Real Time Build Order
Export as new Build Order

juhyg Zerg 

Build Orders: Pool First 

Get SALT Encoding   

  12  0:19  Spawning Pool  
  11  0:27  Drone x2  
  13  0:35  Overlord  
  13  0:44  Drone  
  14  0:52  Extractor  
  14  0:53  Drone  
  14  1:05  Queen  
  14  1:07  Drone  
  17  1:12  Drone  
  18  1:29  Drone  
  19  1:33  Roach Warren  
  18  1:41  Zergling x2  
  18  1:47  Drone  
  20  1:58  Metabolic Boost  
  20  2:01  Zergling x2  
  20  2:05  Overlord  
  21  2:17  Overlord  
  21  2:32  Roach x2  
  21  2:33  Zergling x2  
  26  2:56  Roach  
  26  2:57  Roach x3  
  33  3:08  Roach  
  29  3:49  Zergling x10  
  29  3:50  Zergling x2  
  33  4:11  Roach  
  33  4:14  Roach  
  37  4:30  Roach  
  27  5:07  Zergling x6  
  26  5:17  Lair  
  26  5:19  Roach  
  28  5:32  Roach  
  21  5:57  Drone x2  
  21  6:01  Roach  
  25  6:07  Hatchery  
Show
View Real Time Build Order
Export as new Build Order

LOADING Zerg - Winner!

Build Orders: Pool First 

Get SALT Encoding   

  12  0:01  Drone  
  13  0:13  Overlord  
  13  0:19  Drone  
  14  0:34  Spawning Pool  
  13  0:55  Drone x3, Extractor  
  15  1:08  Drone  
  16  1:19  Drone  
  16  1:22  Queen  
  19  1:40  Drone  
  19  1:43  Hatchery  
  19  1:46  Overlord  
  19  1:56  Metabolic Boost  
  19  2:05  Zergling x4  
  21  2:13  Zergling x2  
  22  2:23  Overlord  
  22  2:30  Overlord  
  22  2:32  Zergling x4  
  24  2:37  Overlord  
  24  2:54  Zergling x2  
  24  2:55  Zergling x2, Queen  
  28  3:01  Zergling x2  
  29  3:16  Drone  
  29  3:17  Drone x3  
  33  3:24  Baneling Nest  
  32  3:27  Drone  
  33  3:36  Zergling x4  
  32  3:46  Zergling x8  
  30  4:09  Baneling  
  29  4:10  Spine Crawler, Baneling x4  
  29  4:11  Spine Crawler  
  29  4:12  Spine Crawler  
  29  4:14  Drone  
  26  4:31  Zergling x12  
  27  4:37  Zergling x2  
  27  4:41  Drone  
  26  4:59  Lair  
  25  5:05  Drone  
  25  5:06  Drone x2  
  25  5:07  Drone  
  29  5:14  Drone x2  
  31  5:23  Drone x2  
  33  5:30  Zergling x4  
  31  5:41  Zergling x8  
  32  5:52  Zergling x2  
  32  5:53  Zergling x10  
  38  6:05  Drone, Spire  
  38  6:06  Drone  
  39  6:18  Drone x2  
Tags
 
Add a new tag
Caveats
  • Supply blocks, unpowered buildings, or Contaminate may cause inaccurate times.
  • Supply counts are checked every 10 seconds.